TOP OF THE 1ST |
Norfolk Cruisers batting - Pitching for Philadephia 1776 BC : RHP Tony Madden
|
Pitching: RHP Tony Madden
|
|
Batting: RHB Tom Baker
|
0-0: Swinging Strike 0-1: Ball 1-1: Ball 2-1: Called Strike 2-2: Ground out 6-3 (Groundball, 56)
|
Batting: RHB Bill Childers
|
0-0: Called Strike 0-1: Ball 1-1: Swinging Strike 1-2: Strikes out swinging
|
Batting: RHB Terry Sylvester
|
0-0: Swinging Strike 0-1: Ball 1-1: Ball 2-1: Ball 3-1: Base on Balls
|
Batting: RHB Jorge Gómez
|
0-0: Called Strike 0-1: SINGLE (Groundball, 5S) (infield hit) Terry Sylvester to second
|
Batting: RHB Steven Talley
|
0-0: Ground out 1-3 (Groundball, 23)
|
Top of the 1st over - 0 run(s), 1 hit(s), 0 error(s), 2 left on base; Norfolk 0 - Philadephia 1776 0 |
BOTTOM OF THE 1ST |
Philadephia 1776 BC batting - Pitching for Norfolk Cruisers : RHP Gonçalo Conxacha
|
Pitching: RHP Gonçalo Conxacha
|
|
Batting: RHB Iván Pérez
|
0-0: Ball 1-0: Called Strike 1-1: Ball 2-1: Swinging Strike 2-2: Foul Ball, location: 2F 2-2: Ball 3-2: Foul Ball, location: 2F 3-2: Foul Ball, location: 2F 3-2: Strikes out swinging
|
Batting: RHB Carl Good
|
0-0: Called Strike 0-1: Ball 1-1: Ground out 6-3 (Groundball, 6)
|
Batting: LHB Chris Nelson
|
0-0: Called Strike 0-1: Ball 1-1: Ball 2-1: Ball 3-1: Foul Ball, location: 2F 3-2: Base on Balls
|
Batting: LHB Matt Mitchell
|
0-0: Foul Ball, location: 2F 0-1: Ball 1-1: Swinging Strike 1-2: Ball 2-2: Foul Ball, location: 2F 2-2: Ball 3-2: Fly out, F7 (Flyball, 7S)
|
Bottom of the 1st over - 0 run(s), 0 hit(s), 0 error(s), 1 left on base; Norfolk 0 - Philadephia 1776 0 |
TOP OF THE 2ND |
Norfolk Cruisers batting - Pitching for Philadephia 1776 BC : RHP Tony Madden
|
Batting: RHB Carlos Rodríguez
|
0-0: Foul Ball, location: 2F 0-1: Called Strike 0-2: Ball 1-2: Foul Ball, location: 2F 1-2: Strikes out swinging
|
Batting: RHB Floyd Mitchell
|
0-0: Called Strike 0-1: Swinging Strike 0-2: Ball 1-2: Foul Ball, location: 2F 1-2: Ball 2-2: DOUBLE (Line Drive, 7LD)
|
Batting: RHB Kyle Dempsey
|
0-0: Ball 1-0: Foul Ball, location: 2F 1-1: Fly out, F4 (Popup, 3D)
|
Batting: RHB Gonçalo Conxacha
|
0-0: Called Strike 0-1: Foul Ball, location: 2F 0-2: Ball 1-2: Ball 2-2: Strikes out swinging
|
Top of the 2nd over - 0 run(s), 1 hit(s), 0 error(s), 1 left on base; Norfolk 0 - Philadephia 1776 0 |
BOTTOM OF THE 2ND |
Philadephia 1776 BC batting - Pitching for Norfolk Cruisers : RHP Gonçalo Conxacha
|
Batting: RHB Yuji Ine
|
0-0: Ground out U3 (Groundball, 3)
|
Batting: RHB Soseki Matsunaga
|
0-0: Called Strike 0-1: Foul Ball, location: 2F 0-2: Foul Ball, location: 2F 0-2: SINGLE (Flyball, 9LS)
|
Batting: RHB Lúcio Montoya
|
0-0: Called Strike 0-1: Ball Passed Ball! Soseki Matsunaga to second 1-1: Ball 2-1: Ball 3-1: Foul Ball, location: 2F 3-2: Fly out, F2 (Popup, 2RF)
|
Batting: RHB Ryan Simpson
|
0-0: Called Strike 0-1: Foul Ball, location: 2F 0-2: Strikes out looking
|
Bottom of the 2nd over - 0 run(s), 1 hit(s), 0 error(s), 1 left on base; Norfolk 0 - Philadephia 1776 0 |
TOP OF THE 3RD |
Norfolk Cruisers batting - Pitching for Philadephia 1776 BC : RHP Tony Madden
|
Batting: RHB Tom Baker
|
0-0: SINGLE (Line Drive, 6MD)
|
Batting: RHB Bill Childers
|
0-0: Called Strike Tom Baker is caught stealing 2nd base 0-1: Called Strike 0-2: Ball 1-2: Ground out 6-3 (Groundball, 6)
|
Batting: RHB Terry Sylvester
|
0-0: Foul Ball, location: 2F 0-1: Called Strike 0-2: Ball 1-2: Ball 2-2: Ball 3-2: Foul Ball, location: 2F 3-2: Foul Ball, location: 2F 3-2: Strikes out swinging
|
Top of the 3rd over - 0 run(s), 1 hit(s), 0 error(s), 0 left on base; Norfolk 0 - Philadephia 1776 0 |
BOTTOM OF THE 3RD |
Philadephia 1776 BC batting - Pitching for Norfolk Cruisers : RHP Gonçalo Conxacha
|
Batting: RHB Tony Madden
|
0-0: Ball 1-0: Swinging Strike 1-1: SINGLE (Line Drive, 78S)
|
Batting: RHB Iván Pérez
|
0-0: Called Strike 0-1: Ball 1-1: Ball 2-1: Fly out, F9 (Line Drive, 9LM)
|
Batting: RHB Carl Good
|
Balk! Tony Madden to second 0-0: Ball 1-0: Called Strike 1-1: Foul Ball, location: 2F 1-2: Foul Ball, location: 2F 1-2: Strikes out swinging
|
Batting: LHB Chris Nelson
|
0-0: Called Strike 0-1: Ball 1-1: Ball 2-1: Swinging Strike 2-2: Foul Ball, location: 2F 2-2: Fly out, F7 (Flyball, 7D)
|
Bottom of the 3rd over - 0 run(s), 1 hit(s), 0 error(s), 1 left on base; Norfolk 0 - Philadephia 1776 0 |
TOP OF THE 4TH |
Norfolk Cruisers batting - Pitching for Philadephia 1776 BC : RHP Tony Madden
|
Batting: RHB Jorge Gómez
|
0-0: SOLO HOME RUN (Flyball, 7D), Distance : 389 ft
|
Batting: RHB Steven Talley
|
0-0: Ground out 5-3 (Groundball, 5)
|
Batting: RHB Carlos Rodríguez
|
0-0: Ball 1-0: Ball 2-0: Fly out, F7 (Flyball, 78S)
|
Batting: RHB Floyd Mitchell
|
0-0: Ball 1-0: Ground out 6-3 (Groundball, 6M)
|
Top of the 4th over - 1 run(s), 1 hit(s), 0 error(s), 0 left on base; Norfolk 1 - Philadephia 1776 0 |
BOTTOM OF THE 4TH |
Philadephia 1776 BC batting - Pitching for Norfolk Cruisers : RHP Gonçalo Conxacha
|
Batting: LHB Matt Mitchell
|
0-0: Ball 1-0: Called Strike 1-1: Ball 2-1: Ball 3-1: Ground out 6-3 (Groundball, 6M)
|
Batting: RHB Yuji Ine
|
0-0: Called Strike 0-1: SINGLE (Groundball, 56D)
|
Batting: RHB Soseki Matsunaga
|
0-0: Ball 1-0: Ball 2-0: Ball 3-0: Foul Ball, location: 2F 3-1: Foul Ball, location: 2F 3-2: Base on Balls Yuji Ine to second
|
Batting: RHB Lúcio Montoya
|
0-0: Ball 1-0: Ball 2-0: Called Strike 2-1: Fielders Choice at 2nd, U4 (Groundball, 4M) Yuji Ine to third
|
Batting: RHB Ryan Simpson
|
0-0: Called Strike 0-1: Called Strike 0-2: Ball 1-2: Ball 2-2: Hit by Pitch Lúcio Montoya to second
|
Batting: RHB Tony Madden
|
0-0: Called Strike 0-1: Fly out, F2 (Popup, 2LF)
|
Bottom of the 4th over - 0 run(s), 1 hit(s), 0 error(s), 3 left on base; Norfolk 1 - Philadephia 1776 0 |
TOP OF THE 5TH |
Norfolk Cruisers batting - Pitching for Philadephia 1776 BC : RHP Tony Madden
|
Batting: RHB Kyle Dempsey
|
0-0: Ball 1-0: Swinging Strike 1-1: Called Strike 1-2: Foul Ball, location: 2F 1-2: Ball 2-2: SINGLE (Line Drive, 56D)
|
Batting: RHB Gonçalo Conxacha
|
0-0: Bunt missed! 0-1: Ball 1-1: Sac Bunt - play at first, batter OUT! 1-4 Kyle Dempsey to second
|
Batting: RHB Tom Baker
|
0-0: Called Strike 0-1: Ball 1-1: Ball 2-1: Ground out 4-3 (Groundball, 4) Kyle Dempsey to third
|
Batting: RHB Bill Childers
|
0-0: Ball 1-0: Ball 2-0: Foul Ball, location: 2F 2-1: Swinging Strike 2-2: Ball 3-2: Foul Ball, location: 2F 3-2: Foul Ball, location: 2F 3-2: Base on Balls
|
Batting: RHB Terry Sylvester
|
0-0: Foul Ball, location: 2F 0-1: Ball 1-1: Ball 2-1: Ball 3-1: Foul Ball, location: 2F 3-2: Fly out, F7 (Flyball, 78D)
|
Top of the 5th over - 0 run(s), 1 hit(s), 0 error(s), 2 left on base; Norfolk 1 - Philadephia 1776 0 |
BOTTOM OF THE 5TH |
Philadephia 1776 BC batting - Pitching for Norfolk Cruisers : RHP Gonçalo Conxacha
|
Batting: RHB Iván Pérez
|
0-0: Ball 1-0: Called Strike 1-1: Fly out, F8 (Popup, 4MD)
|
Batting: RHB Carl Good
|
0-0: Foul Ball, location: 2F 0-1: Ball 1-1: Swinging Strike 1-2: Foul Ball, location: 2F 1-2: Ground out 6-3 (Groundball, 56)
|
Batting: LHB Chris Nelson
|
0-0: Ball 1-0: Called Strike 1-1: Ball 2-1: Ball 3-1: Ground out 4-3 (Groundball, 6MS)
|
Bottom of the 5th over - 0 run(s), 0 hit(s), 0 error(s), 0 left on base; Norfolk 1 - Philadephia 1776 0 |
TOP OF THE 6TH |
Norfolk Cruisers batting - Pitching for Philadephia 1776 BC : RHP Tony Madden
|
Batting: RHB Jorge Gómez
|
0-0: Ball 1-0: Swinging Strike 1-1: Ball 2-1: Ball 3-1: Called Strike 3-2: Fly out, F9 (Popup, 3D)
|
Batting: RHB Steven Talley
|
0-0: Ball 1-0: Ball 2-0: Called Strike 2-1: Foul Ball, location: 2F 2-2: Strikes out swinging
|
Batting: RHB Carlos Rodríguez
|
0-0: Ball 1-0: SOLO HOME RUN (Flyball, 8RXD), Distance : 440 ft
|
Batting: RHB Floyd Mitchell
|
0-0: Ground out 6-3 (Groundball, 6)
|
Top of the 6th over - 1 run(s), 1 hit(s), 0 error(s), 0 left on base; Norfolk 2 - Philadephia 1776 0 |
BOTTOM OF THE 6TH |
Philadephia 1776 BC batting - Pitching for Norfolk Cruisers : RHP Gonçalo Conxacha
|
Batting: LHB Matt Mitchell
|
0-0: Called Strike 0-1: SOLO HOME RUN (Flyball, 9D), Distance : 395 ft
|
Batting: RHB Yuji Ine
|
0-0: Called Strike 0-1: Ball 1-1: Foul Ball, location: 2F 1-2: Fly out, F8 (Flyball, 8RD)
|
Batting: RHB Soseki Matsunaga
|
0-0: Called Strike 0-1: Foul Ball, location: 2F 0-2: Ground out 1-3 (Groundball, 15S)
|
Batting: RHB Lúcio Montoya
|
0-0: Ball 1-0: Ground out 5-3 (Groundball, 56)
|
Bottom of the 6th over - 1 run(s), 1 hit(s), 0 error(s), 0 left on base; Norfolk 2 - Philadephia 1776 1 |
TOP OF THE 7TH |
Norfolk Cruisers batting - Pitching for Philadephia 1776 BC : RHP Tony Madden
|
Batting: RHB Kyle Dempsey
|
0-0: Called Strike 0-1: Ground out 5-3 (Groundball, 5S)
|
Pinch Hitting: SHB Stephen Baldwin
|
0-0: Ball 1-0: Called Strike 1-1: Called Strike 1-2: Ball 2-2: Ground out 4-3 (Groundball, 34D)
|
Batting: RHB Tom Baker
|
0-0: Ball 1-0: SINGLE (Flyball, 8LS)
|
Pinch Hitting: RHB David Gómez
|
0-0: Ball 1-0: Ball 2-0: Ball 3-0: Called Strike 3-1: Base on Balls Tom Baker to second
|
Batting: RHB Terry Sylvester
|
0-0: Called Strike 0-1: Called Strike 0-2: Ball 1-2: Fielders Choice at 2nd, U6 (Groundball, 6M)
|
Top of the 7th over - 0 run(s), 1 hit(s), 0 error(s), 2 left on base; Norfolk 2 - Philadephia 1776 1 |
BOTTOM OF THE 7TH |
Philadephia 1776 BC batting - Pitching for Norfolk Cruisers : RHP Gonçalo Conxacha
|
Pitching: RHP Albert Braun
|
|
Now at 2B: Félix Flores
|
|
Batting: RHB Ryan Simpson
|
0-0: Swinging Strike 0-1: Swinging Strike 0-2: Fly out, F9 (Flyball, 89M)
|
Pinch Hitting: LHB John Boone
|
0-0: SINGLE (Popup, 89S)
|
Batting: RHB Iván Pérez
|
0-0: Ball 1-0: Foul Ball, location: 2F 1-1: DOUBLE (Line Drive, 9LD) John Boone to third Runner from 3rd tries for Home, SAFE, throw made home
|
Batting: RHB Carl Good
|
0-0: Ball 1-0: Foul Ball, location: 2F 1-1: Ball 2-1: Foul Ball, location: 2F 2-2: Strikes out looking
|
Batting: LHB Chris Nelson
|
0-0: Ball 1-0: Called Strike 1-1: Swinging Strike 1-2: Strikes out swinging
|
Bottom of the 7th over - 1 run(s), 2 hit(s), 0 error(s), 1 left on base; Norfolk 2 - Philadephia 1776 2 |
TOP OF THE 8TH |
Norfolk Cruisers batting - Pitching for Philadephia 1776 BC : RHP Tony Madden
|
Pitching: LHP Brian O'Cullinan
|
|
Batting: RHB Jorge Gómez
|
0-0: Ball 1-0: Called Strike 1-1: Called Strike 1-2: Ground out 4-3 (Groundball, 4)
|
Batting: RHB Steven Talley
|
0-0: Swinging Strike 0-1: Ball 1-1: Ground out 2-3 (Groundball, 13S)
|
Batting: RHB Carlos Rodríguez
|
0-0: Swinging Strike 0-1: Swinging Strike 0-2: Strikes out swinging
|
Top of the 8th over - 0 run(s), 0 hit(s), 0 error(s), 0 left on base; Norfolk 2 - Philadephia 1776 2 |
BOTTOM OF THE 8TH |
Philadephia 1776 BC batting - Pitching for Norfolk Cruisers : RHP Albert Braun
|
Batting: LHB Matt Mitchell
|
0-0: Called Strike 0-1: Fly out, F8 (Flyball, 8RXD)
|
Pinch Hitting: LHB Rubén Alte
|
0-0: Called Strike 0-1: Hit by Pitch
|
Pinch Hitting: RHB Brian O'Brian
|
0-0: Ball 1-0: Ball 2-0: Called Strike 2-1: Called Strike 2-2: Ground out 4-3 (Groundball, 4M) Rubén Alte to second
|
Batting: RHB Lúcio Montoya
|
0-0: Ball 1-0: Ball 2-0: Ball 3-0: Called Strike 3-1: Called Strike 3-2: Base on Balls
|
Pinch Hitting: LHB Manuel García
|
0-0: Called Strike 0-1: Ball 1-1: Called Strike 1-2: Foul Ball, location: 2F 1-2: Foul Ball, location: 2F 1-2: Ball 2-2: Ball 3-2: Ground out 4-3 (Groundball, 4)
|
Bottom of the 8th over - 0 run(s), 0 hit(s), 0 error(s), 2 left on base; Norfolk 2 - Philadephia 1776 2 |
TOP OF THE 9TH |
Norfolk Cruisers batting - Pitching for Philadephia 1776 BC : LHP Brian O'Cullinan
|
Now at 2B: Manny Hernández
|
|
Now at 3B: Brian O'Brian
|
|
Now in CF: Manuel García
|
|
Batting: RHB Floyd Mitchell
|
0-0: Called Strike 0-1: Ball 1-1: Ground out 6-3 (Groundball, 6)
|
Batting: RHB Kyle Dempsey
|
0-0: Fly out, F9 (Line Drive, 89S)
|
Pinch Hitting: SHB Bill Becker
|
0-0: Ball 1-0: Reached on error, E4 (Groundball, 4)
|
Batting: RHB Tom Baker
|
0-0: Ball 1-0: Ground out 5-3 (Groundball, 56)
|
Top of the 9th over - 0 run(s), 0 hit(s), 1 error(s), 1 left on base; Norfolk 2 - Philadephia 1776 2 |
BOTTOM OF THE 9TH |
Philadephia 1776 BC batting - Pitching for Norfolk Cruisers : RHP Albert Braun
|
Pitching: RHP Carlos Rúbio
|
|
Batting: RHB Brian O'Cullinan
|
0-0: Ball 1-0: Called Strike 1-1: Swinging Strike 1-2: Strikes out swinging
|
Batting: RHB Iván Pérez
|
0-0: Ball 1-0: Swinging Strike 1-1: Called Strike 1-2: Ball 2-2: DOUBLE (Line Drive, 8RM)
|
Batting: RHB Carl Good
|
0-0: Called Strike 0-1: Ball 1-1: Foul Ball, location: 2F 1-2: Foul Ball, location: 2F 1-2: Fly out, F8 (Flyball, 8LD) Runner from 2nd tags up, SAFE at 3rd, no throw
|
Batting: LHB Chris Nelson
|
0-0: Called Strike 0-1: Ball 1-1: SINGLE (Groundball, 4MD) Iván Pérez scores
|
|